 Dungeon Crawl Stone Soup version 0.30-a0-134-gb40fab5c76 (webtiles) character file.

Game seed: 9744930022435098776

574 Flugkiller the Chiller (level 7, 0/61 HPs)
             Began as a Meteoran Ice Elementalist on Sept 19, 2022.
             Slain by Sigmund
             ... wielding a +0 scythe
              (10 damage)
             ... on level 5 of the Dungeon.
             The game lasted 00:04:02 (794 turns).

Flugkiller the Chiller (Meteoran Ice Elementalist)   Turns: 794, Time: 00:04:03

Health: 0/61       AC:  2    Str:  9    XL:     7   Next: 93%
Magic:  7/15       EV: 12    Int: 20    God:
Gold:   114        SH:  0    Dex: 14    Spells: 8/16 levels left

rFire   . . .      SeeInvis .    (no weapon)
rCold   . . .      Faith    .    (no shield)
rNeg    . . .      Spirit   .    a - +0 robe
rPois   .          Reflect  .    (no helmet)
rElec   .          Harm     .    (no cloak)
rCorr   .          Rampage  .    (no gloves)
Will    .....                    (no boots)
Stlth   +.........               (no amulet)
HPRegen 0.20/turn                g - ring of flight
MPRegen 0.14/turn                (no ring)

@: about to teleport, flying, glowing
A: sense surroundings 1, otherworldly, glowing, explore regen
a: no special abilities


You were on level 5 of the Dungeon.
You visited 1 branch of the dungeon, and saw 5 of its levels.

You collected 114 gold pieces.

Inventory:

Hand Weapons
 c - a +0 short sword
   (You took it off a kobold on level 1 of the Dungeon)
 h - a +1 dagger of venom
   (You found it on level 2 of the Dungeon)
Armour
 a - a +0 robe (worn)
 f - an orb of energy
   (You found it on level 1 of the Dungeon)
Jewellery
 g - a ring of flight (left hand)
   (You found it on level 2 of the Dungeon)
Wands
 k - a wand of roots (9)
   (You found it on level 5 of the Dungeon)
Scrolls
 i - a scroll of enchant weapon {unknown}
 l - a scroll of noise {unknown}
 o - a scroll of silence {unknown}
 r - a scroll of vulnerability {unknown}
Potions
 b - a potion of magic
 j - a potion of attraction {unknown}
 m - a potion of curing {unknown}
 n - a potion of resistance {unknown}
 p - a potion of flight {unknown}
 q - a potion of invisibility {unknown}


   Skills:
 + Level 5.1 Fighting
 - Level 2.4 Dodging
 - Level 1.4 Stealth
 - Level 5.0 Spellcasting
 - Level 6.0 Ice Magic
 + Level 3.1 Evocations


You had 8 spell levels left.
You knew the following spells:

 Your Spells              Type           Power      Damage    Failure   Level
a - Freeze                Ice            100%       1d11      1%          1
b - Frozen Ramparts       Ice            58%        1d9       3%          3
c - Hailstorm             Conj/Ice       17%        3d6       32%         4

Your spell library contained the following spells:

 Spells                   Type           Power      Damage    Failure   Level
 Ozocubu's Armour         Ice            29%        N/A       3%          3


Dungeon Overview and Level Annotations

Branches:
Dungeon (5/15) Zot: 2207
 Temple: D:4-7

Altars:
Elyvilon
Xom

Annotations:
D:5 Sigmund


Innate Abilities, Weirdness & Mutations

You passively map a small area around you.
You are easily found by Zot.
You glow in the dark.
You regain HP and MP as you explore.


Message History

The black bear claws you but does no damage. x2
Your Evocations skill increases to level 2!
Casting: Freeze (safe; 1% risk of failure)
Confirm with . or Enter, or press ? or * to list all spells.
Aiming: Freeze (safe; 1% risk of failure)
Press: ? - help, Shift-Dir - straight line, f - black bear
Aim: a black bear (heavily wounded)
You freeze the black bear.
The black bear is severely wounded.
The wall freezes the black bear!
You kill the black bear!
You feel less wooden.
Your +0 robe unmelds from your body.
The wall freezes the jelly.
Casting: Freeze (safe; 1% risk of failure)
Confirm with . or Enter, or press ? or * to list all spells.
You cannot sustain more frozen ramparts right now.
The frozen ramparts melt away.
Casting: Frozen Ramparts (dangerous; 3% risk of failure)
Confirm with . or Enter, or press ? or * to list all spells.
Aiming: Freeze (safe; 1% risk of failure)
Press: ? - help, Shift-Dir - straight line, f - jelly
Aim: a jelly (lightly wounded)
You freeze the jelly!
The jelly is heavily wounded.
The jelly hits you but does no damage.
Casting: Freeze (safe; 1% risk of failure)
Confirm with . or Enter, or press ? or * to list all spells.
Aiming: Freeze (safe; 1% risk of failure)
Press: ? - help, Shift-Dir - straight line, f/p - jelly
Aim: a jelly (heavily wounded)
You freeze the jelly!
The jelly is severely wounded.
The jelly hits you but does no damage.
Casting: Freeze (safe; 1% risk of failure)
Confirm with . or Enter, or press ? or * to list all spells.
The walls around you are covered in ice.
The wall freezes the jelly.
The jelly hits you but does no damage.
Casting: Frozen Ramparts (dangerous; 3% risk of failure)
Confirm with . or Enter, or press ? or * to list all spells.
Aiming: Freeze (safe; 1% risk of failure)
Press: ? - help, Shift-Dir - straight line, f/p - jelly
Aim: a jelly (almost dead)
You freeze the jelly!
You kill the jelly!
Your Fighting skill increases to level 5!
Your Evocations skill increases to level 3!
Okay, then.
Okay, then.
This spell is quite dangerous to cast!
Memorise Hailstorm, consuming 4 spell levels and leaving 8?
You start memorising the spell.
You continue memorising. x3
The wall freezes Sigmund.
You continue memorising.
The wall freezes Sigmund.
Sigmund mumbles some strange words.
Sigmund flickers and vanishes!
Deactivating autopickup; reactivate with Ctrl-A.
You finish memorising.
Spell assigned to 'c'.
You aren't carrying any items that you can evoke.
Unknown command.
The wall freezes something.
Something barely misses you.
The phantom completely resists.
The wall freezes the phantom but does no damage.
The phantom completely resists.
The wall freezes the phantom but does no damage.
Your frozen ramparts will break if you move.
Continue?
Okay, then.
The wall freezes something.
Something hits you.
The phantom completely resists.
The wall freezes the phantom but does no damage.
The phantom hits you.
The frozen ramparts melt away.
The phantom misses you. Something hits you.
Okay, then.
Casting: Freeze (safe; 1% risk of failure)
Confirm with . or Enter, or press ? or * to list all spells.
Okay, then.
Casting: Freeze (safe; 1% risk of failure)
Confirm with . or Enter, or press ? or * to list all spells.
The walls around you are covered in ice.
The phantom resists.
The wall freezes the phantom.
The phantom hits you.
The phantom blinks!
You blink.
The frozen ramparts melt away as you move.
Unknown command.
The phantom attacks as you move away! The phantom hits you!
* * * LOW HITPOINT WARNING * * *
You aren't carrying any items that you can evoke.
Unknown command.
Found a falchion.
You see here a wand of roots (9).
k - a wand of roots (9)
The phantom hits you.
* * * LOW HITPOINT WARNING * * *
The phantom blinks!
You blink.
As you read the scroll labelled VICRIB ROJEQITYDO, it crumbles to dust.
It is a scroll of identify.
e - a scroll of teleportation;
t - a scroll of teleportation Something completely misses you.
The phantom hits you.
* * * LOW HITPOINT WARNING * * *
As you read the scroll of teleportation, it crumbles to dust.
You feel strangely unstable. Something hits you!
You die...

* *#.# , * , ).. , ,
* #.# * * * * , ,..#
* .....#.####.# *
..........#.# * ,
*#...#.##.#/# * ,
#.....##.#§#
#.......@..#
#....##W#.# *
#..#.##.#.######
#....<)..........*
#####.#.###.#####.##
* .........{...# *
.....#§####..# , *
.... #. #..# , *...
#. *#..#


You could see a phantom.

Vanquished Creatures
  A black bear (D:5)
  An ice beast (D:5)
  An ogre (D:5)
  A jelly (D:5)
  2 howler monkeys (D:5)
  A hound (D:4)
  Terence (D:3)
  An iguana (D:3)
  An orc wizard (D:3)
  3 adders
  A worm (D:2)
  2 dart slugs (D:1)
  3 orcs (D:4)
  6 ball pythons
  3 bats
  5 endoplasms
  2 giant cockroaches (D:1)
  A goblin (D:1)
  3 hobgoblins
  5 jackals
  3 frilled lizards
  7 kobolds
  A rat (D:1)
55 creatures vanquished.

Vanquished Creatures (others)
  12 plants (D:1)
12 creatures vanquished.

Grand Total: 67 creatures vanquished

Notes
Turn   | Place    | Note
-------+----------+-------------------------------------------
     0 | D:1      | Flugkiller the Meteoran Ice Elementalist began the quest
                  | for the Orb.
     0 | D:1      | Reached XP level 1. HP: 14/14 MP: 5/5
    79 | D:1      | Reached XP level 2. HP: 20/20 MP: 5/7
    85 | D:1      | Found a faded altar of an unknown god.
   138 | D:1      | Reached XP level 3. HP: 26/26 MP: 0/8
   227 | D:1      | Reached skill level 5 in Ice Magic
   295 | D:2      | Found a shimmering altar of Xom.
   340 | D:2      | Reached XP level 4. HP: 33/33 MP: 8/10
   499 | D:3      | Noticed Terence
   515 | D:3      | Killed Terence
   516 | D:3      | Reached XP level 5. HP: 7/38 MP: 9/12
   553 | D:3      | Learned a level 3 spell: Frozen Ramparts
   564 | D:3      | Found a white marble altar of Elyvilon.
   685 | D:4      | Reached skill level 5 in Spellcasting
   728 | D:4      | Reached skill level 6 in Ice Magic
   728 | D:4      | Reached skill level 1 in Fighting
   728 | D:4      | Reached XP level 6. HP: 40/47 MP: 6/14
   742 | D:5      | Entered Level 5 of the Dungeon
   742 | D:5      | Noticed an ogre
   745 | D:5      | Killed an ogre
   748 | D:5      | Noticed an ice beast
   762 | D:5      | Noticed a black bear
   765 | D:5      | Reached XP level 7. HP: 46/58 MP: 11/15
   766 | D:5      | Reached skill level 1 in Evocations
   777 | D:5      | Reached skill level 5 in Fighting
   778 | D:5      | Noticed Sigmund
   782 | D:5      | Learned a level 4 spell: Hailstorm
   794 | D:5      | Slain by Sigmund

Illustrated notes

Levels and vault maps discovered:
D:1:      lemuel_arrival_lava_pool, layout_loops_ring,
          dreamdust_ecumenical_altar_statues, lexackson_kobold_supper
D:2:      layout_loops_ring, basic_altar
D:3:      layout_loops_ring, nicolae_elyvilon_peaceful_grove,
          kennysheep_decorative_pillar, st_stairs_8, grunt_decor_resistance,
          corexii_corridor_pit, uniq_terence
D:4:      layout_layer_cave
D:5:      layout_loops_ring, mainiacjoe_overflow_24_doors,
          mainiacjoe_overflow_cross_hatched, uniq_sigmund

Skill      XL: |  1  2  3  4  5  6  7 |
---------------+----------------------+-----
Spellcasting   | 3 4 5 |  5.0
Ice Magic      | 5 6 |  6.0
Fighting       | 1 3 5 |  5.1
Evocations     | 3 |  3.1
Dodging        | |  2.4
Stealth        | |  1.4

Action                   |  1- 3 |  4- 6 |  7- 9 || total
-------------------------+-------+-------+-------++-------
Melee: Short sword       |     6 |       |       ||     6
       Dagger            |       |     9 |       ||     9
       Unarmed           |       |    11 |     2 ||    13
 Cast: Freeze            |    38 |    31 |     5 ||    74
       Frozen Ramparts   |       |     5 |     2 ||     7
  Use: Potion            |       |     2 |       ||     2
       Scroll            |       |       |     2 ||     2
Armor: Robe              |     7 |     4 |     3 ||    14
       Skin              |       |    26 |     8 ||    34
Dodge: Dodged            |    16 |    12 |     4 ||    32

Table legend: (Time is in decaauts)
 A = Elapsed time spent in this place.
 B = Non-inter-level travel time spent in this place.
 C = Inter-level travel time spent in this place.
 D = Time resting spent in this place.
 E = Time spent auto-exploring this place.
 F = Levels seen in this place.
 G = Mean time per level.
                   A        B        C        D        E       F      G
               +--------+--------+--------+--------+--------+-----+--------+
         Total |    791 |    791 |      0 |     32 |      0 |   5 |  158.2 |
       Dungeon |    791 |    791 |      0 |     32 |      0 |   5 |  158.2 |
               +--------+--------+--------+--------+--------+-----+--------+

Top non-repeatable levels by time:
     D:1: 265 daAuts
     D:3: 253 daAuts
     D:2: 141 daAuts
     D:4: 80 daAuts
     D:5: 51 daAuts
